 Dungeon Crawl Stone Soup version 0.29.1-15-g9cfb28693d (webtiles) character file.

Game seed: 1285190654094761670

26154 javelincjr the Fighter (level 13, -5/89 HPs)
             Began as a Djinni Conjurer on Mar 13, 2023.
             Was a High Priest of Hepliaklqana.
             Killed from afar by a storm dragon (25 damage)
             ... with a bolt of lightning
             ... on level 12 of the Dungeon on Mar 14, 2023.
             The game lasted 01:11:01 (13798 turns).

javelincjr the Fighter (Djinni Conjurer)           Turns: 13798, Time: 01:11:01

Health: -5/89      AC: 12    Str: 10    XL:     13   Next: 56%
Gold:   864        EV: 18    Int: 31    God:    Hepliaklqana [*****.] SH: 10 Dex: 12

rFire   + + +      SeeInvis .   G - staff of conjuration
rCold   . . .      Faith    .   p - +0 buckler
rNeg    . . .      Spirit   .   V - +1 troll leather armour
rPois   ∞          Reflect  +   X - +2 helmet
rElec   .          Harm     .   l - +0 cloak of the Harvest Moon {rF+ rC+}
rCorr   .          Rampage  .   r - +0 pair of gloves
Will    +....                   (boots unavailable)
Stlth   ++........              y - amulet of Teila {Reflect Int+4 SH+5}
HPRegen 1.04/turn               J - +4 ring of evasion
MPRegen 0.00/turn               A - +6 ring of intelligence

@: about to teleport, flying
A: reduced essence, sickness immunity, fire resistance 2, cold vulnerability 1,
float, innate caster, HP casting, extra vitality 1
a: Renounce Religion, Recall Ancestor, Ancestor Identity, Transference, Idealise


You were on level 12 of the Dungeon.
You worshipped Hepliaklqana.
Hepliaklqana was extremely pleased with you.
You visited 2 branches of the dungeon, and saw 13 of its levels.

You collected 864 gold pieces.

Inventory:

Hand Weapons
 m - a +0 short sword of draining
 D - a +3 quarterstaff of chaos
 E - a +3 hammer
 N - a +4 dagger
 R - a +4 falchion of venom
 T - a +4 dagger of chaos
Missiles
 O - 4 silver boomerangs
Armour
 l - the +0 cloak of the Harvest Moon (worn) {rF+ rC+}
   (You found it on level 8 of the Dungeon)

   rF:        It protects you from fire.
   rC:        It protects you from cold.
 p - a +0 buckler (worn)
 r - a +0 pair of gloves (worn)
 u - a +2 robe of the Archmagi
 H - +0 swamp dragon scales
 P - a +1 robe of cold resistance
 V - a +1 troll leather armour (worn)
 X - a +2 helmet (worn)
Magical Staves
 B - a staff of cold
 C - a staff of poison
 G - a staff of conjuration (weapon)
Jewellery
 b - a ring of positive energy
 y - the amulet of Teila (around neck) {Reflect Int+4 SH+5}
   (You found it on level 5 of the Dungeon)

   [amulet of reflection]

   It reflects blocked missile attacks.
   Int:       It affects your intelligence (+4).
   SH:        It affects your SH (+5).
 A - a +6 ring of intelligence (right hand)
 J - a +4 ring of evasion (left hand)
 L - a ring of see invisible
 M - a ring of protection from fire
Wands
 c - a wand of light (8)
 d - a wand of iceblast (28)
 e - a wand of polymorph (12)
 s - a wand of digging (5)
 z - a wand of charming (11)
 S - a wand of flame (44)
Scrolls
 f - 6 scrolls of poison
 g - 2 scrolls of magic mapping
 j - 2 scrolls of teleportation
 k - 2 scrolls of fear
 n - 3 scrolls of blinking
 x - a scroll of fog
 K - a scroll of acquirement
 Q - a scroll of amnesia {unknown}
 W - 2 scrolls of enchant weapon {unknown}
Potions
 a - 5 potions of curing
 h - 2 potions of might {unknown}
 i - 2 potions of flight {unknown}
 o - 2 potions of brilliance {unknown}
 q - 2 potions of lignification {unknown}
 t - 5 potions of berserk rage
 v - 2 potions of resistance
 w - a potion of heal wounds
 F - 2 potions of ambrosia {unknown}
 I - 2 potions of mutation {unknown}


   Skills:
 * Level 11.2 Fighting
 + Level 8.0 Armour
 + Level 9.2 Dodging
 - Level 2.3 Stealth
 + Level 7.2 Shields
 * Level 9.4 Spellcasting
 + Level 7.3 Evocations


You couldn't memorise any spells.
You knew the following spells:

 Your Spells              Type           Power      Damage    Failure   Level
a - Magic Dart            Conj           100%       1d8       1%          1
b - Searing Ray           Conj           100%       2d8       1%          2
c - Dazzling Flash        Conj/Hex       100%       N/A       1%          3
d - Fulminant Prism       Conj/Hex       41%        3d20      1%          4
e - Iskenderun's Mystic   Conj/Tloc      83%        2d16      1%          4
f - Sting                 Tmut/Pois      100%       1d8       1%          1
g - Ensorcelled Hibernat  Hex/Ice        100%       N/A       1%          2
h - Tukima's Dance        Hex            65%        N/A       1%          3
i - Teleport Other        Tloc           65%        N/A       1%          3
j - Fireball              Conj/Fire      41%        3d17      3%          5
k - Blade Hands           Tmut           32%        N/A       3%          5
Your spell library was empty.

Dungeon Overview and Level Annotations

Branches:
Dungeon (12/15)            Temple (1/1) D:4            Lair (0/5) D:11
    Orc (0/2) D:11

Altars:
Ashenzari
Cheibriados
Dithmenos
Elyvilon
Fedhas
Gozag
Hepliaklqana
Makhleb
Nemelex Xobeh
Okawaru
Qazlal
Ru
Trog
Uskayaw
Wu Jian
Xom
Yredelemnul
Zin
The Shining One

Portals:
Trove: D:12 (give 7 scrolls of fear)


Innate Abilities, Weirdness & Mutations

Your life essence is reduced to manifest your ancestor. (-10% HP)
You are immune to sickness and miasma.
You are immune to poison.
Your flesh is very heat resistant. (rF++)
You are vulnerable to cold. (rC-)
You float through the air rather than walking.
You learn spells naturally, not from books.
Your magical power is your life essence.
You have superior vitality. (+4 MHP)


Message History

Press: ? - help, Dir - move target You feel a surge of power!
You conjure a prism of explosive energy!
A fulminant prism comes into view.
The storm dragon bites your fulminant prism!
The storm dragon claws your fulminant prism!
The storm dragon tramples your fulminant prism!
Your fulminant prism detonates feebly.
The storm dragon breathes lightning at you.
The bolt of lightning hits Ferran!!
The bolt of lightning misses you.
Ferran closely misses the storm dragon.
Casting: Fulminant Prism (mildly dangerous; 1% risk of failure)
Confirm with . or Enter, or press ? or * to list all spells.
Aiming: Fulminant Prism (mildly dangerous; 1% risk of failure)
Press: ? - help, Dir - move target You feel a surge of power!
You conjure a prism of explosive energy!
A fulminant prism comes into view.
Ferran is destroyed!
Your fulminant prism crackles loudly.
The storm dragon bites your fulminant prism!!
The storm dragon claws your fulminant prism.
Your fulminant prism explodes!
The blast of energy engulfs the storm dragon!
The storm dragon is lightly wounded.
The storm dragon breathes lightning at you.
The bolt of lightning misses you. The bolt of lightning hits you!
* * * LOW HITPOINT WARNING * * *
Casting: Fulminant Prism (mildly dangerous; 1% risk of failure)
Confirm with . or Enter, or press ? or * to list all spells.
Aiming: Teleport Other (safe; 1% risk of failure)
Press: ? - help, Shift-Dir - straight line, f - storm dragon
Aim: a storm dragon (lightly wounded, chance to affect: 23%)
The storm dragon resists with almost no effort.
* * * LOW HITPOINT WARNING * * *
As you read the scroll of teleportation, it crumbles to dust.
You feel strangely unstable.
The storm dragon breathes lightning at you.
The bolt of lightning hits you!!
You die...

###.##.######R##.##
##.##.##..†.##.##.##
#[##.##.####.##.##[#
#.#.##.##.D##.##.#.#
#)#.#.##.::.##.#D#.#
#†#.#T#..?C..#.#.#.#
#.#.#.#......#.#.#.#
#.#.#T##..T.##D#.#.#
#.#.##.##..##)##@#†#
#.##.##.##.#*##.##.#
##)##R##TD##.#.##.##
.##.##D####D##.#.##
.##.###....##.##.#
##.#########.##.##
#.##).).....##)##
.##...)##.###.##
.#......#.#..##


You could see a storm dragon (catching breath).

Vanquished Creatures
  Josephine (D:12)
  Fannar (D:10)
  5 hydras
  3 boulder beetles (D:12)
  A centaur warrior (D:12)
  A death knight (D:12)
  A two-headed ogre (D:12)
  A deep troll earth mage (D:12)
  An ugly thing (D:12)
  A deep elf pyromancer (D:12)
  A manticore (D:12)
  2 cyclopes (D:11)
  5 gargoyles
  Psyche (D:8)
  An efreet (D:12)
  2 unseen horrors (D:12)
  2 hornets
  3 trolls
  5 slime creatures (D:12)
  Sigmund (D:3)
  7 dancing weapons
  6 wraiths (D:12)
  2 shadows
  A vampire (D:11)
  A wyvern (D:11)
  2 yaks (D:12)
  4 vampire mosquitoes (D:11)
  A steam dragon (D:10)
  An acid dragon (D:12)
  2 water moccasins
  5 orc warriors
  Duvessa (D:5)
  3 ice beasts
  A black bear (D:5)
  An ogre (D:4)
  2 centaurs
  3 phantoms
  A bullfrog (D:8)
  A necrophage (D:7)
  2 scorpions
  Dowan (D:5)
  4 killer bees (D:9)
  A howler monkey (D:12)
  Crazy Yiuf (D:5)
  2 hounds
  A gnoll bouda (D:8)
  A jelly (D:7)
  2 orc priests
  Jessica (D:3)
  Ijyb (D:5)
  5 orc wizards
  3 iguanas
  5 gnolls
  8 adders
  A white imp (D:8)
  3 ufetubi
  A worm (D:4)
  The ghost of leafyfresh the Sneak, a weakling OpDe (D:4)
  3 dart slugs
  26 orcs
  5 ball pythons
  5 endoplasms
  2 giant cockroaches
  3 goblins
  2 hobgoblins
  7 jackals
  5 quokkas
  3 bats
  4 frilled lizards (D:1)
  9 kobolds
  7 rats
209 creatures vanquished.

Vanquished Creatures (collateral kills)
  Gastronok (D:8)
  3 two-headed ogres
  Maggie (D:6)
  A troll (D:12)
  A hornet (D:9)
  A dancing weapon (D:8)
  Eustachio (D:5)
  2 wraiths
  A wyvern (D:9)
  A steam dragon (D:10)
  7 orc warriors
  4 centaurs
  2 bullfrogs
  2 necrophages
  A gnoll sergeant (D:9)
  2 killer bees (D:9)
  A hound (D:6)
  2 jellies
  2 orc priests
  5 orc wizards
  4 gnolls
  An ufetubus (D:6)
  12 orcs
58 creatures vanquished.

Vanquished Creatures (others)
  An ugly thing (D:12)
  10 dancing weapons
  9 hexers
  An ancestor (D:5)
  An orc (D:10)
  43 fulminant prisms
65 creatures vanquished.

Grand Total: 332 creatures vanquished

Notes
Turn   | Place    | Note
-------+----------+-------------------------------------------
     0 | D:1      | javelincjr the Djinni Conjurer began the quest for the Orb.
     0 | D:1      | javelincjr set off with the following spells memorised:
                  | Magic Dart, Searing Ray, Dazzling Flash, Fulminant Prism,
                  | Iskenderun's Mystic Blast.
     0 | D:1      | Reached XP level 1. HP: 15/15 MP: 0/0
   227 | D:1      | Reached XP level 2. HP: 17/21 MP: 0/0
  1022 | D:1      | Found a faded altar of an unknown god.
  1131 | D:2      | Reached XP level 3. HP: 24/25 MP: 0/0
  1131 | D:2      | Learned a level 1 spell: Sting
  1815 | D:2      | Reached XP level 4. HP: 29/31 MP: 0/0
  1852 | D:3      | Identified the +0 ring mail of Uptior {Rampage *Corrode
                  | Int+2}
  2287 | D:3      | Reached skill level 1 in Fighting
  2414 | D:3      | Noticed Sigmund
  2429 | D:3      | Killed Sigmund
  2430 | D:3      | Reached skill level 2 in Fighting
  2430 | D:3      | Reached skill level 1 in Armour
  2430 | D:3      | Reached XP level 5. HP: 7/39 MP: 0/0
  2430 | D:3      | Learned a level 2 spell: Ensorcelled Hibernation
  2430 | D:3      | Reached XP level 6. HP: 8/45 MP: 0/0
  2721 | D:3      | Noticed Jessica
  2723 | D:3      | Killed Jessica
  2798 | D:3      | You are sucked into a shaft and drop 1 floor!
  2809 | D:4      | Found a runed translucent door.
  2809 | D:4      | Noticed an ogre
  2836 | D:4      | Killed an ogre
  2837 | D:4      | Reached skill level 3 in Fighting
  2837 | D:4      | Reached XP level 7. HP: 43/50 MP: 0/0
  2837 | D:4      | Learned a level 3 spell: Tukima's Dance
  2838 | D:4      | Noticed leafyfresh's ghost (weakling OpDe)
  3083 | D:4      | Found a staircase to the Ecumenical Temple.
  3201 | Temple   | Entered the Ecumenical Temple
  3314 | Temple   | Became a worshipper of Hepliaklqana the Forgotten
  4391 | D:4      | Killed leafyfresh's ghost
  4454 | D:5      | Entered Level 5 of the Dungeon
  4687 | D:5      | Noticed Eustachio
  4705 | D:5      | Killed Eustachio
  4706 | D:5      | Reached skill level 4 in Fighting
  4706 | D:5      | Reached XP level 8. HP: 34/58 MP: 0/0
  4991 | D:5      | Identified the amulet of Teila {Reflect Int+4 SH+5}
  5098 | D:5      | Reached skill level 1 in Shields
  5098 | D:5      | Reached skill level 1 in Evocations
  5188 | D:5      | Reached * piety under Hepliaklqana
  5257 | D:5      | Noticed Ijyb
  5306 | D:5      | Killed Ijyb
  5507 | D:5      | Noticed Duvessa
  5511 | D:5      | Noticed Dowan
  5515 | D:5      | Killed Dowan
  5518 | D:5      | Killed Duvessa
  5519 | D:5      | Reached skill level 5 in Spellcasting
  5766 | D:5      | Found a runed translucent door.
  5767 | D:5      | Noticed Crazy Yiuf
  5774 | D:5      | Killed Crazy Yiuf
  6393 | D:6      | Noticed Maggie
  6402 | D:6      | Killed Maggie
  6403 | D:6      | Reached skill level 5 in Fighting
  6403 | D:6      | Reached skill level 5 in Dodging
  6403 | D:6      | Reached XP level 9. HP: 48/58 MP: 0/0
  6403 | D:6      | Learned a level 3 spell: Teleport Other
  7075 | D:6      | Reached ** piety under Hepliaklqana
  7076 | D:6      | Remembered your ancestor Ferran as a hexer
  7176 | D:7      | Reached skill level 6 in Fighting
  7791 | D:7      | Found a bloodstained altar of Trog.
  7987 | D:7      | Reached XP level 10. HP: 58/65 MP: 0/0
  8131 | D:8      | Noticed Psyche
  8138 | D:8      | Killed Psyche
  8318 | D:8      | Reached skill level 7 in Fighting
  8821 | D:8      | Reached *** piety under Hepliaklqana
  9056 | D:8      | Reached skill level 5 in Armour
  9247 | D:8      | Noticed Gastronok
  9259 | D:8      | Killed Gastronok
  9475 | D:8      | Identified a scroll of acquirement
  9492 | D:8      | Identified the +0 cloak of the Harvest Moon {rF+ rC+}
  9970 | D:9      | Reached XP level 11. HP: 69/72 MP: 0/0
  9970 | D:9      | Learned a level 5 spell: Fireball
  9997 | D:9      | Reached skill level 8 in Fighting
 10240 | D:9      | Reached **** piety under Hepliaklqana
 10776 | D:10     | Entered Level 10 of the Dungeon
 10776 | D:10     | Noticed Fannar
 10788 | D:10     | Killed Fannar
 11049 | D:10     | Reached skill level 5 in Shields
 11050 | D:10     | Reached skill level 5 in Evocations
 11511 | D:10     | Noticed a centaur warrior
 11979 | D:11     | Reached ***** piety under Hepliaklqana
 12082 | D:11     | Noticed a two-headed ogre
 12090 | D:11     | Killed a two-headed ogre
 12095 | D:11     | Found a staircase to the Orcish Mines.
 12114 | D:11     | Reached skill level 9 in Fighting
 12183 | D:11     | Noticed a cyclops
 12187 | D:11     | Noticed a four-headed hydra
 12194 | D:11     | Killed a four-headed hydra
 12194 | D:11     | Killed a cyclops
 12247 | D:11     | Found a staircase to the Lair.
 12436 | D:11     | Noticed a cyclops
 12442 | D:11     | Killed a cyclops
 12443 | D:11     | Reached XP level 12. HP: 59/80 MP: 0/0
 12555 | D:12     | Noticed a two-headed ogre
 12561 | D:12     | Killed a two-headed ogre
 12594 | D:12     | Noticed Josephine
 12610 | D:12     | Killed Josephine
 12728 | D:12     | Reached skill level 10 in Fighting
 12826 | D:12     | Noticed a boulder beetle
 12833 | D:12     | Killed a boulder beetle
 13080 | D:12     | Noticed a boulder beetle
 13098 | D:12     | Killed a boulder beetle
 13200 | D:12     | Found a portal to a secret trove of treasure.
 13234 | D:12     | Noticed a two-headed ogre
 13254 | D:12     | Killed a two-headed ogre
 13292 | D:12     | Noticed a two-headed ogre
 13304 | D:12     | Killed a two-headed ogre
 13335 | D:12     | Noticed a centaur warrior
 13340 | D:12     | Killed a centaur warrior
 13341 | D:12     | Reached XP level 13. HP: 73/87 MP: 0/0
 13341 | D:12     | Learned a level 5 spell: Blade Hands
 13400 | D:12     | Noticed a seven-headed hydra
 13409 | D:12     | Killed a seven-headed hydra
 13454 | D:12     | Noticed a boulder beetle
 13455 | D:12     | Noticed a six-headed hydra
 13460 | D:12     | Killed a six-headed hydra
 13472 | D:12     | Killed a boulder beetle
 13473 | D:12     | Reached skill level 11 in Fighting
 13609 | D:12     | Noticed a five-headed hydra
 13613 | D:12     | Killed a five-headed hydra
 13655 | D:12     | Noticed a five-headed hydra
 13660 | D:12     | Killed a five-headed hydra
 13674 | D:12     | Noticed a storm dragon
 13675 | D:12     | Noticed an ettin
 13798 | D:12     | Killed from afar by a storm dragon

Illustrated notes

Levels and vault maps discovered:
D:1:      matt_arrival_refuge, layout_basic,
          shapermc_ecumenical_altar_mp_vishouse
D:2:      layout_rooms
D:3:      layout_loops_cross, uniq_sigmund, uniq_jessica
D:4:      layout_loops_corners, minmay_temple_entry_glassed_door,
          hellmonk_ghost_happy_afterlife, amcnicky_mini_corridor_feature
D:5:      layout_layer_cave, grunt_ministairs_2, minmay_misc_feat_roman,
          chequers_serial_rivers_micro_a, uniq_eustachio,
          uniq_crazy_yiuf_cottage, uniq_ijyb, uniq_duvessa
D:6:      layout_basic, kennysheep_diamond, uniq_maggie
D:7:      nicolae_cairo_tiling_large_dashed, layout_gridville,
          mainiacjoe_overflow_brackets
D:8:      layout_gridville, uniq_psyche, uniq_gastronok
D:9:      layout_irregular_city
D:10:     layout_long_grid, moated_statue, onia_ninara_dug_in_and_dangerous,
          uniq_fannar
D:11:     layout_gridville, lair_entry_dummy, orc_david_3, minivault_23
D:12:     kennysheep_snake, layout_cave_pods, enter_trove_3, uniq_josephine
Temple:   roderic_octagonal_lattice_temple

Skill      XL: |  1  2  3  4  5  6  7  8  9 10 11 12 13 |
---------------+----------------------------------------+-----
Stealth        | 2 |  2.3
Dodging        | 3 4 5 6 7 8 9 |  9.2
Fighting       | 2 3 4 5 6 7 9 10 11 | 11.2
Armour         | 1 2 3 4 5 6 7 8 |  8.0
Spellcasting   | 4 5 6 7 8 9 |  9.4
Shields        | 2 3 4 5 6 7 |  7.2
Evocations     | 2 3 4 5 6 7 |  7.3

Action                   |  1- 3 |  4- 6 |  7- 9 | 10-12 | 13-15 || total
-------------------------+-------+-------+-------+-------+-------++-------
Melee: Short sword       |       |     1 |     5 |       |       ||     6
       Dagger            |       |       |       |    23 |       ||    23
       Staff             |       |       |       |     8 |     2 ||    10
 Cast: Magic Dart        |    68 |    17 |   170 |   111 |    14 ||   380
       Searing Ray       |       |     7 |    13 |       |       ||    20
       Sting             |       |     7 |       |     3 |       ||    10
       Fulminant Prism   |       |     1 |     6 |    21 |    15 ||    43
       Tukima's Dance    |       |       |     7 |    74 |     4 ||    85
       Iskenderun's Myst |       |       |     9 |    33 |    45 ||    87
       Ensorcelled Hiber |       |       |     1 |     7 |       ||     8
       Fireball          |       |       |       |    27 |     1 ||    28
       Teleport Other    |       |       |       |       |     1 ||     1
Invok: Ancestor Life: He |       |       |     1 |       |       ||     1
  Use: Scroll            |       |       |    12 |     5 |     2 ||    19
 Stab: Distracted        |       |       |       |     1 |       ||     1
Armor: Ring mail         |       |     3 |       |       |       ||     3
       Robe              |       |       |     8 |     1 |       ||     9
       Troll leather arm |       |       |       |     5 |     6 ||    11
Dodge: Dodged            |     1 |     1 |    15 |    39 |    12 ||    68
Block: Other             |       |       |     3 |       |       ||     3
       Buckler           |       |       |     7 |    24 |     7 ||    38
       Reflection        |       |       |     1 |     3 |     2 ||     6
